 Dungeon Crawl Stone Soup version 0.21.0 (webtiles) character file.

119 AgrsvlyMoist the Conjurer (level 4, -13/33 HPs)
             Began as a Draconian Conjurer on July 24, 2018.
             Mangled by an orc warrior
             ... wielding a +0 war axe
              (24 damage)
             ... on level 3 of the Dungeon.
             The game lasted 00:11:04 (3330 turns).

AgrsvlyMoist the Conjurer (Draconian Conjurer)      Turns: 3330, Time: 00:11:05

Health: -13/33     AC:  7    Str: 11    XL:     4   Next: 73%
Magic:  2/8        EV: 12    Int: 16    God:
Gold:   127        SH:  0    Dex: 11    Spells: 8/9 levels left

rFire    + . .     SeeInvis +   i - +1 whip
rCold    . . .     Gourm    .   (no shield)
rNeg     . . .     Faith    .   (armour unavailable)
rPois    .         Spirit   .   (helmet restricted)
rElec    .         Reflect  .   (no cloak)
rCorr    .         Harm     .   p - +1 pair of gloves
MR       .....                  (no boots)
Stlth    ++........             (no amulet)
HPRegen  0.11/turn              f - ring of protection from fire
MPRegen  0.11/turn              m - ring of see invisible

@: lethally poisoned (-13 -> -16)
A: unfitting armour, cold-blooded, AC +5
a: no special abilities


You were on level 3 of the Dungeon.
You were hungry.

You visited 1 branch of the dungeon, and saw 3 of its levels.

You collected 127 gold pieces.

Inventory:

Hand Weapons
 e - a -3 short sword
 i - a +1 whip (weapon)
Armour
 p - a +1 pair of gloves (worn)
Jewellery
 f - a ring of protection from fire (left hand)
 m - a ring of see invisible (right hand)
Scrolls
 c - 2 scrolls of fear
 h - a scroll of identify
Potions
 d - 4 potions of curing {unknown}
 g - 3 potions of flight {unknown}
 j - a potion of resistance {unknown}
 l - a potion of berserk rage {unknown}
 n - 2 potions of degeneration {unknown}
 o - a potion of heal wounds {unknown}
Books
 a - a book of Conjurations

   Spells                             Type                      Level
   a - Magic Dart                     Conjuration                  1
   b - Searing Ray                    Conjuration                  2
   c - Dazzling Spray                 Conjuration/Hexes            3
   d - Fulminant Prism                Conjuration/Hexes            4
   e - Force Lance                    Conjuration/Translocation    4
   f - Iskenderun's Mystic Blast      Conjuration                  4
Comestibles
 b - 4 rations
 k - a chunk of flesh


   Skills:
 + Level 0.1 Fighting
 + Level 0.2 Short Blades
 + Level 2.1 Dodging
 + Level 2.0 Stealth
 + Level 3.0 Spellcasting
 + Level 5.2 Conjurations


You had 8 spell levels left.
You knew the following spells:

 Your Spells              Type           Power        Failure   Level  Hunger
a - Magic Dart            Conj           ###.         2%          1    #......


Dungeon Overview and Level Annotations

Branches:
Dungeon (3/15)

Altars:
Kikubaaqudgha
Nemelex Xobeh

Annotations:
D:3 1 transporter


Innate Abilities, Weirdness & Mutations

Your plain brown scales are hard. (AC +5)
You cannot fit into any form of body armour.
You are cold-blooded and may be slowed by cold attacks.


Message History

Aiming: Magic Dart
Press: ? - help, Shift-Dir - straight line, f/p - adder
Aim: an adder (heavily wounded)
The magic dart hits the adder.
The adder is severely wounded.
You feel sick. The sky beast hits you. The sky beast shocks you.
The adder bites you. The adder closely misses you.
The orc warrior hits you with a war axe!
Casting: Magic Dart
Confirm with . or Enter, or press ? or * to list all spells.
Aiming: Magic Dart
Press: ? - help, Shift-Dir - straight line, f/p - adder
Aim: an adder (severely wounded)
The magic dart hits the adder.
You kill the adder!
The adder bites you but does no damage.
The sky beast hits you but does no damage.
The orc warrior hits you with a war axe!!
Ouch! That really hurt!
You die...

#############
##...........##
#..#########..#
#.##.......##.#
#.#8.......8#.#
##.#.......%$#.##
##..#.Y.....$_#..##
#..©#.†S....$.#©..#
#...#..o@...$_#...# ##
#.#.#.......[$#.#.# ###.
#.#.#8.......8#.#.####...
#.#.##..$©...##........##
#.#..#########..#########
#.##...........## #.
#.###.......#### #####.
#...)........## ###.....
#####.........# #...###.


You could see an orc warrior, a sky beast (invisible) and an adder.

Vanquished Creatures
  A hound (D:3)
  3 adders
  An ooze (D:2)
  3 worms
  A ball python (D:3)
  2 giant cockroaches
  3 goblins
  5 hobgoblins
  6 jackals
  7 kobolds
  3 quokkas
  A bat (D:2)
  A frilled lizard (D:3)
  11 rats
48 creatures vanquished.

Notes
Turn   | Place    | Note
-------+----------+-------------------------------------------
     0 | D:1      | AgrsvlyMoist the Draconian Conjurer began the quest for the Orb.
     0 | D:1      | Reached XP level 1. HP: 14/14 MP: 3/3
   366 | D:1      | Reached XP level 2. HP: 20/20 MP: 1/5
  1384 | D:2      | Reached XP level 3. HP: 26/26 MP: 0/6
  2264 | D:3      | Reached skill level 5 in Conjurations
  2264 | D:3      | Reached XP level 4. HP: 10/33 MP: 0/8
  2967 | D:3      | Found a transporter.
  2977 | D:3      | Found a sparkling altar of Nemelex Xobeh.
  2977 | D:3      | Noticed a sky beast
  2978 | D:3      | Found a transporter.
  2979 | D:3      | Found an ancient bone altar of Kikubaaqudgha.
  2979 | D:3      | Noticed an orc warrior
  3330 | D:3      | Mangled by an orc warrior

Skill      XL: |  1  2  3  4 |
---------------+-------------+-----
Dodging        | 2 |  2.1
Stealth        | 2 |  2.0
Conjurations   | 5 |  5.2
Spellcasting   | 3 |  3.0
Fighting       | |  0.1
Short Blades   | |  0.2

Action                   |  1- 3 |  4- 6 || total
-------------------------+-------+-------++-------
Melee: Unarmed           |     8 |       ||     8
       Short sword       |    29 |    17 ||    46
       Tailslap          |     3 |     2 ||     5
       Whip              |       |     2 ||     2
 Cast: Magic Dart        |    81 |    26 ||   107
  Use: Scroll            |     4 |     3 ||     7
  Eat: Chunk             |     5 |     3 ||     8
Armor: Skin              |    18 |    15 ||    33
Dodge: Dodged            |    47 |    22 ||    69
